 Dungeon Crawl Stone Soup version 0.30-a0-576-g89cddaab80 (webtiles) character file.

Game seed: 13336857099703789180

131 benadryl the Ruffian (level 4, -6/45 HPs)
             Began as a Troll Fighter on Dec 30, 2022.
             Mangled by a gnoll
             ... wielding a +3 flail
             ... led by a gnoll bouda
              (8 damage)
             ... on level 3 of the Dungeon.
             The game lasted 00:01:32 (1805 turns).

benadryl the Ruffian (Troll Fighter)                Turns: 1805, Time: 00:01:32

Health: -6/45      AC:  4    Str: 26    XL:     4   Next: 91%
Magic:  3/3        EV: 10    Int:  4    God:
Gold:   110        SH:  0    Dex:  9    Spells: 3/3 levels left

rFire   . . .      SeeInvis .      - Unarmed
rCold   . . .      Faith    .    (no shield)
rNeg    . . .      Spirit   .    a - +0 robe
rPois   .          Reflect  .    (helmet restricted)
rElec   .          Harm     .    (no cloak)
rCorr   .          Rampage  .    (gloves unavailable)
Will    .....                    (boots unavailable)
Stlth   +                        (no amulet)
HPRegen 1.07/turn                (no ring)
MPRegen 0.08/turn                (no ring)

@: mighty
A: large, unfitting armour, claws 3, regeneration 1, shaggy fur 1, tough skin 1
a: no special abilities


You were on level 3 of the Dungeon.
You visited 1 branch of the dungeon, and saw 3 of its levels.

You collected 110 gold pieces.

Inventory:

Armour
 a - a +0 robe (worn)
 b - a +0 kite shield
Scrolls
 d - a scroll of poison {unknown}
 f - a scroll of teleportation
 g - 2 scrolls of amnesia {unknown}
 h - 3 scrolls of vulnerability {unknown}
 i - a scroll of noise {unknown}
 j - a scroll of enchant armour {unknown}
 k - a scroll of fog {unknown}
 l - 3 scrolls of identify {unknown}
Potions
 e - a potion of flight {unknown}


   Skills:
 + Level 3.3 Fighting
 - Level 2.4 Dodging
 - Level 2.6 Shields
 * Level 4.4 Unarmed Combat


You had 3 spell levels left.
You didn't know any spells.
Your spell library was empty.

Dungeon Overview and Level Annotations

Branches:
Dungeon (3/15)

Altars:


Innate Abilities, Weirdness & Mutations

You are too large for most types of armour.
You have claws for hands.
Your natural rate of healing is unusually fast.
You are covered in fur. (AC +1)
You have tough skin. (AC +1)


Message History

As you open the door, it creaks loudly! 5 gnolls come into view.
The gnoll shouts! x4; You hear a shout!
A gnoll bouda comes into view. It is wielding a +0 whip.
An endoplasm comes into view.
The gnoll shouts!
The endoplasm quivers.
There is an open door here.
The gnoll hits you with a +0 halberd.
The gnoll bouda hits you with a +0 whip!
You claw the gnoll bouda!
The gnoll bouda is severely wounded.
The gnoll hits you with a +0 halberd!
The gnoll bouda hits you with a +0 whip.
You are too injured to fight recklessly!
You are too injured to fight recklessly!
There are monsters nearby!
You are too injured to fight recklessly!
You are too injured to fight recklessly!
You are too injured to fight recklessly!
You are too injured to fight recklessly!
You are too injured to fight recklessly!
There are monsters nearby!
You are too injured to fight recklessly!
You are too injured to fight recklessly!
You are too injured to fight recklessly!
You are too injured to fight recklessly!
You are too injured to fight recklessly!
Unknown command.
The gnoll barely misses you. The gnoll hits you with a +0 club.
There is an open door here.
The gnoll attacks as you move away! The gnoll hits you with a +3 flail!
* * * LOW HITPOINT WARNING * * *
You feel very mighty all of a sudden. The gnoll hits you with a +3 flail.
* * * LOW HITPOINT WARNING * * *
The gnoll hits you from afar with a +0 halberd!
* * * LOW HITPOINT WARNING * * *
You barely miss the gnoll. The gnoll hits you with a +3 flail!
You die...

♣... ### ~... ..#
~...P #.# ....P####
#.# .♣......# #.#
......g.# #.#
.......g###.###
......Jgg@...>#
.......g###.#.#
..#########+#'#######
#............#
#............#
#............#
#.............#
#.............######
#...................


You could see a gnoll bouda, 4 gnolls and an endoplasm.

Vanquished Creatures
  Natasha (D:3)
  4 gnolls (D:2)
  An adder (D:2)
  A worm (D:2)
  3 dart slugs
  8 ball pythons
  6 endoplasms
  4 giant cockroaches (D:1)
  5 goblins
  5 kobolds (D:1)
  A quokka (D:1)
  4 bats
  2 frilled lizards (D:1)
  4 rats (D:1)
49 creatures vanquished.

Notes
Turn   | Place    | Note
-------+----------+-------------------------------------------
     0 | D:1      | benadryl the Troll Fighter began the quest for the Orb.
     0 | D:1      | Reached XP level 1. HP: 22/22 MP: 0/0
   144 | D:1      | Reached XP level 2. HP: 14/28 MP: 1/1
   295 | D:1      | Reached skill level 3 in Unarmed Combat
   469 | D:1      | Reached XP level 3. HP: 36/36 MP: 2/2
  1095 | D:2      | Noticed Natasha
  1109 | D:3      | Killed Natasha
  1110 | D:3      | Reached XP level 4. HP: 31/45 MP: 3/3
  1230 | D:2      | Reached skill level 4 in Unarmed Combat
  1804 | D:3      | HP: 1/45 [gnoll/+0 halberd[a gnoll bouda] (9)]
  1805 | D:3      | Mangled by a gnoll

Illustrated notes

Levels and vault maps discovered:
D:1:      dpeg_arrival_water_fire, layout_basic, minmay_pentomino_w4
D:2:      layout_loops_cross, uniq_natasha
D:3:      layout_basic, mainiacjoe_overflow_alcove_2, serial_bayou_pond_a,
          dk_noncrumbling_4

Skill      XL: |  1  2  3  4 |
---------------+-------------+-----
Unarmed Combat | 3 4 |  4.4
Fighting       | 3 |  3.3
Dodging        | |  2.4
Shields        | |  2.6

Action                   |  1- 3 |  4- 6 || total
-------------------------+-------+-------++-------
Melee: Unarmed           |    82 |    32 ||   114
       Punch             |       |     1 ||     1
  Use: Potion            |     2 |     1 ||     3
       Scroll            |     1 |       ||     1
Armor: Robe              |    27 |     9 ||    36
Dodge: Dodged            |    33 |    10 ||    43

Table legend: (Time is in decaauts)
 A = Elapsed time spent in this place.
 B = Non-inter-level travel time spent in this place.
 C = Inter-level travel time spent in this place.
 D = Time resting spent in this place.
 E = Time spent auto-exploring this place.
 F = Levels seen in this place.
 G = Mean time per level.
                   A        B        C        D        E       F      G
               +--------+--------+--------+--------+--------+-----+--------+
         Total |   1798 |   1745 |     53 |    135 |   1304 |   3 |  599.3 |
       Dungeon |   1798 |   1745 |     53 |    135 |   1304 |   3 |  599.3 |
               +--------+--------+--------+--------+--------+-----+--------+

Top non-repeatable levels by time:
     D:1: 963 daAuts
     D:2: 684 daAuts
     D:3: 151 daAuts
